 Dungeon Crawl Stone Soup version 0.31-a0-977-gc230f8ef24 (webtiles) character file.

Game seed: 5384780386664504049

872 timneilson the Ruffian (level 8, -2/46 (54) HPs)
             Began as an Octopode Shapeshifter on Oct 29, 2023.
             Slain by a wight
             ... wielding a +1 great sword
              (5 damage)
             ... on level 4 of the Dungeon.
             The game lasted 00:11:06 (3405 turns).

timneilson the Ruffian (Octopode Shapeshifter)      Turns: 3405, Time: 00:11:07

HP:   -2/46 (54)    AC:  1    Str: 15    XL:     8   Next: 4%
MP:   11/11         EV: 13    Int: 13    God:
Gold: 206           SH:  0    Dex: 11    Spells: 10/11 levels left

rFire   . .          .
                       - Unarmed
rCold   . . .        (no shield)
rNeg    . . .        (helmet currently unavailable)
rPois   .            (no amulet)
rElec   .            (no ring)
rCorr   .            (no ring)
SInv    .            (no ring)
Will    .....        (no ring)
Stlth   ++           (no ring)
HPRegen 0.27/turn    (no ring)
MPRegen 0.12/turn    (no ring)
                     (no ring)

%: no passive effects
@: beast-form, heavily drained
A: beast (slay +2), almost no armour, amphibious, 8 rings, camouflage 1,
gelatinous body 1, (nimble swimmer 1), tentacles
a: Begin Untransformation


You were on level 4 of the Dungeon.
You were a hulking beast.
You visited 2 branches of the dungeon, and saw 5 of its levels.

You collected 206 gold pieces.

Inventory:

Talismans
 b - a beast talisman
 c - a flux talisman
Wands
 m - a wand of polymorph (9)
Scrolls
 i - 2 scrolls of teleportation
 l - a scroll of revelation
 n - 2 scrolls of enchant armour
 o - a scroll of immolation {unknown}
 q - a scroll of amnesia
Potions
 a - 3 potions of lignification
 d - 2 potions of haste
 e - 2 potions of mutation
 f - 2 potions of heal wounds {unknown}
 g - 2 potions of enlightenment {unknown}
 h - a potion of might {unknown}
 j - 3 potions of curing
 k - a potion of attraction {unknown}
 p - 2 potions of resistance {unknown}


   Skills:
 * Level 4.0 Fighting
 * Level 3.6 Dodging
 * Level 4.9 Unarmed Combat
 + Level 2.2 Spellcasting
 + Level 2.2 Summonings
 + Level 2.2 Evocations
 * Level 4.6 Shapeshifting


You had 10 spell levels left.
You knew the following spells:

 Your Spells              Type           Power      Damage    Failure   Level
a - Summon Small Mammal   Summ           28%        N/A       10%         1

Your spell library contained the following spells:

 Spells                   Type           Power      Damage    Failure   Level
 Call Canine Familiar     Summ           7%         N/A       30%         3
 Summon Guardian Golem    Hex/Summ       4%         N/A       43%         3


Dungeon Overview and Level Annotations

Branches:
Dungeon (4/15)             Temple (1/1) D:4

Altars:
Dithmenos
Fedhas
Makhleb
Okawaru
Qazlal
Trog
Uskayaw
Xom
Yredelemnul

Annotations:
D:3 1 runed translucent door, Crazy Yiuf


Innate Abilities, Weirdness & Mutations

You are a hulking beast.
Your limbs bulge with bestial killing power. (Slay +2)
You cannot wear most types of armour.
You are amphibious.
You can wear up to eight rings at the same time.
Your skin changes colour to match your surroundings (Stealth+).
Your rubbery body absorbs attacks. (AC +1, EV +1)
((You are camouflaged when in or above water. (Stealth+)))
You have tentacles for arms and can constrict up to eight enemies at once.


Message History

The scorpion zombie is severely damaged.
You constrict the scorpion zombie. The scorpion zombie misses you.
You bludgeon the scorpion zombie!
The scorpion zombie is almost destroyed.
You constrict the scorpion zombie.
You destroy the scorpion zombie!
A centaur zombie comes into view.
You have reached level 8!
The centaur zombie hits you. The centaur zombie kicks you.
You bludgeon the centaur zombie!
The centaur zombie is lightly damaged.
The centaur zombie completely misses you.
The centaur zombie closely misses you.
You tentacle-slap the centaur zombie. You squeeze the centaur zombie!
The centaur zombie is severely damaged.
The centaur zombie barely misses you. x2
You bludgeon the centaur zombie!
The centaur zombie is almost destroyed.
The centaur zombie closely misses you. The centaur zombie kicks you.
You bludgeon the centaur zombie!
You destroy the centaur zombie!
Your Fighting skill increases to level 4!
You start resting.
HP restored. 2 wights come into view.
The wight attacks as it pursues you!
The wight hits you with a +1 great sword!
You feel drained. The wight attacks as it pursues you!
The wight barely misses you.
There is an open door here.
The wight attacks as it pursues you!
The wight hits you with a +1 great sword!!
You feel drained.
You tentacle-slap the wight but do no damage.
Your grab misses the wight.
You squeeze the wight, but do no damage.
The wight hits you with a +1 great sword!!
* * * LOW HITPOINT WARNING * * *
You feel drained.
You die...

#########
#.#.#.#.#
#####'#'#'#'#+#+#
#.z'z...........#
#z###'#'#'#'#'#'#
#h8##.#.#.#.# ##
#.########### ###.
#.#....########...
#.)...........#...
###...............
###.............
####....#.....
#############...
#..........#####


You could see 2 wights.

Vanquished Creatures
  Sigmund (D:3)
  A black bear (D:4)
  A phantom (D:3)
  A crimson imp (D:4)
  A centaur zombie (D:4)
  A hound (D:4)
  2 orc priests (D:3)
  A human zombie (D:4)
  Jessica (D:2)
  An iguana (D:4)
  Terence (D:2)
  2 scorpion zombies (D:4)
  A howler monkey zombie (D:4)
  A mummy (D:4)
  Robin (D:2)
  7 adders
  A white imp (D:4)
  An adder zombie (D:4)
  2 worms
  8 dart slugs
  5 orcs
  5 ball pythons
  10 bats
  6 endoplasms
  4 giant cockroaches
  16 goblins
  12 hobgoblins
  2 quokkas
  2 frilled lizards (D:3)
  8 kobolds
  A quokka zombie (D:4)
  7 rats
114 creatures vanquished.

Notes
Turn   | Place    | Note
-------+----------+-------------------------------------------
     0 | D:1      | timneilson the Octopode Shapeshifter began the quest for
                  | the Orb.
     0 | D:1      | Reached XP level 1. HP: 13/13 MP: 1/1
   121 | D:1      | Reached XP level 2. HP: 18/18 MP: 2/2
   256 | D:1      | Learned a level 1 spell: Summon Small Mammal
   295 | D:1      | Reached XP level 3. HP: 22/23 MP: 3/3
   721 | D:2      | Found a shimmering altar of Xom.
   986 | D:2      | Reached XP level 4. HP: 20/29 MP: 5/5
  1031 | D:2      | Noticed Robin
  1038 | D:2      | Killed Robin
  1109 | D:2      | Noticed Terence
  1146 | D:2      | Killed Terence
  1147 | D:2      | Reached skill level 1 in Spellcasting
  1513 | D:2      | Noticed Jessica
  1518 | D:2      | Killed Jessica
  1519 | D:2      | Reached XP level 5. HP: 35/35 MP: 6/6
  1710 | D:3      | Found a faded altar of an unknown god.
  1710 | D:3      | Noticed Sigmund
  1789 | D:3      | Killed Sigmund
  1790 | D:3      | Reached skill level 1 in Summonings
  1790 | D:3      | Reached skill level 1 in Evocations
  1790 | D:3      | Reached XP level 6. HP: 36/42 MP: 6/8
  1992 | D:3      | Found a blossoming altar of Fedhas.
  2222 | D:3      | Reached XP level 7. HP: 46/46 MP: 9/9
  2273 | D:3      | Found a faded altar of an unknown god.
  2278 | D:3      | Found a shimmering altar of Xom.
  2484 | D:3      | Found a runed translucent door.
  2485 | D:3      | Noticed Crazy Yiuf
  2529 | D:4      | Found a stormy altar of Qazlal.
  3146 | D:4      | Found a staircase to the Ecumenical Temple.
  3187 | Temple   | Entered the Ecumenical Temple
  3351 | D:4      | Reached XP level 8. HP: 49/54 MP: 11/11
  3405 | D:4      | Slain by a wight

Illustrated notes

Levels and vault maps discovered:
D:1:      wander_arrival_peaceful_grave, layout_loops_ring, serial_glass,
          glass_columns_a, glass_columns_a, hangedman_decor_growths
D:2:      layout_basic, basic_altar, uniq_robin, uniq_terence, uniq_jessica
D:3:      layout_rooms, nicolae_overflow_ecumenical_swirl, marbit_many_paths,
          ebering_ecumenical_altar_abandoned, uniq_sigmund,
          uniq_crazy_yiuf_cottage
D:4:      layout_basic, lemuel_mausoleum_altar_kikubaaqudgha,
          lemuel_crystal_altar, minmay_temple_entry_junction,
          minmay_fire_ice_demons
Temple:   nicolae_temple_bog_church

Skill      XL: |  1  2  3  4  5  6  7  8 |
---------------+-------------------------+-----
Fighting       | 2 3 4 |  4.0
Spellcasting   | 1 2 |  2.2
Unarmed Combat | 4 |  4.9
Summonings     | 1 2 |  2.2
Evocations     | 1 2 |  2.2
Shapeshifting  | 4 |  4.6
Dodging        | 3 |  3.6

Action                     |  1- 3 |  4- 6 |  7- 9 || total
---------------------------+-------+-------+-------++-------
  Melee: Unarmed           |    69 |    95 |    97 ||   261
         Constrict         |    21 |    19 |    26 ||    66
         Tentacles         |    10 |    12 |    26 ||    48
         Punch             |       |     1 |     8 ||     9
    Use: Scroll            |     4 |     2 |     2 ||     8
   Stab: Sleeping          |     3 |     3 |     4 ||    10
         Distracted        |     1 |       |       ||     1
 Armour: Skin              |    37 |    31 |    33 ||   101
  Dodge: Dodged            |    46 |    47 |    55 ||   148

Table legend: (Time is in decaauts)
 A = Elapsed time spent in this place.
 B = Non-inter-level travel time spent in this place.
 C = Inter-level travel time spent in this place.
 D = Time resting spent in this place.
 E = Time spent auto-exploring this place.
 F = Levels seen in this place.
 G = Mean time per level.
                   A        B        C        D        E       F      G
               +--------+--------+--------+--------+--------+-----+--------+
         Total |   3391 |   3298 |     93 |    389 |   1561 |   5 |  678.2 |
       Dungeon |   3389 |   3296 |     93 |    389 |   1561 |   4 |  847.2 |
        Temple |      1 |      1 |      0 |      0 |      0 |   1 |    1.0 |
               +--------+--------+--------+--------+--------+-----+--------+

Top non-repeatable levels by time:
     D:2: 1017 daAuts
     D:3: 916 daAuts
     D:4: 756 daAuts
     D:1: 699 daAuts
  Temple: 1 daAuts
